AoeStats
← 肥肠拌面

Nomad

510766199Analyzed
4v4 RM · 7h ago on Oct 2, 2026· 41m 37s· 8 players
Game mode
Random Map
Map size
231×231
Population
200
Speed
Normal
Resources
Standard
Victory
Conquest
Starting age
Dark Age
Ending age
Imperial Age
RankedLock teamsTeams togetherTeam positionsShared explorationLock speedFull tech treeHidden civsTurbo modeCheats
Victory
Defeat
🇰🇷 Britons · South Korea
1486
+14
🇰🇷 Malians · South Korea
1463
+15
🇻🇳 Chinese · Vietnam
1404
+17
🇰🇷 Armenians · South Korea
1257
+23
🇨🇳 Mapuche · China
1599
-23
🇨🇳 Mongols · China
1481
-19
🇨🇳 Varangians · China
1366
-15
🇨🇳 Magyars · China
1294
-12
PLEASE, PLEASE, PLEASE
12:02 Loom
14:18 Feudal Age
19:00 Castle Age
17:22 Fishing Lines
17:47 Double-Bit Axe
18:49 Gold Mining
19:44 Fletching
20:38 Wheelbarrow
20:30 Bodkin Arrow
20:45 Padded Archer Armor
23:14 Bow Saw
23:00 Stone Mining
25:27 Gold Shaft Mining
34:55 Leather Archer Armor
34:34 Horse Collar
38:48 Imperial Age
38:03 Ballistics
39:36 Hand Cart
39:55 Conscription
39:44 Bracer
40:07 Town Watch
40:51 Elite Composite Bowman
42:58 Chemistry
42:43 Ring Archer Armor
BaniWang
4:31 Loom
13:59 Feudal Age
14:53 Double-Bit Axe
19:51 Castle Age
18:09 Fishing Lines
20:54 Medium Warships
23:20 Gillnets
23:56 Bow Saw
24:59 Clinker Construction
25:07 Careening
27:20 Wheelbarrow
26:58 Gold Mining
27:00 Stone Mining
28:18 Stone Shaft Mining
28:59 Hand Cart
31:23 Squires
31:36 Forging
31:27 Scale Mail Armor
32:16 Arson
35:10 Iron Casting
35:15 Chain Mail Armor
35:59 Gold Mining
42:14 Imperial Age
42:18 Ballistics
남조선사람
4:51 Loom
13:02 Feudal Age
13:39 Double-Bit Axe
16:03 Fishing Lines
21:52 Castle Age
20:30 Fletching
21:01 Gold Mining
20:52 Horse Collar
22:30 Bodkin Arrow
23:14 Gillnets
24:09 Bow Saw
25:53 Medium Warships
25:59 Town Watch
30:09 Wheelbarrow
32:51 Imperial Age
30:43 Stone Mining
30:55 Padded Archer Armor
31:17 Ballistics
32:39 Hand Cart
32:43 Heavy Plow
33:35 Bracer
35:08 Chemistry
35:05 Warwolf
36:38 Conscription
36:59 Masonry
39:15 Siege Engineers
39:33 Yeomen
40:40 Elite Longbowman
41:56 Leather Archer Armor
thanh7531
3:05 Loom
13:35 Feudal Age
14:19 Town Watch
15:11 Wheelbarrow
16:52 Forging
21:54 Castle Age
23:27 Hand Cart
23:04 Fletching
25:05 Bodkin Arrow
35:15 Padded Archer Armor
那是你们
5:27 Loom
14:25 Feudal Age
15:46 Double-Bit Axe
18:02 Castle Age
18:48 Demolition Ship
19:56 Fletching
20:05 Gold Mining
20:03 Demolition Ship
21:18 Bodkin Arrow
21:34 Forging
21:49 Bow Saw
22:14 Padded Archer Armor
33:00 Wheelbarrow
34:02 Ballistics
41:00 Imperial Age
41:03 Malon
小弱鸡
4:52 Loom
12:59 Feudal Age
17:18 Castle Age
15:34 Town Watch
15:42 Fletching
16:41 Double-Bit Axe
17:56 Bodkin Arrow
17:55 Fishing Lines
19:29 Gillnets
22:16 Horse Collar
23:36 Bow Saw
32:09 Imperial Age
30:42 Padded Archer Armor
32:11 Wheelbarrow
32:03 Ballistics
32:50 Bloodlines
36:30 Bracer
38:02 Leather Archer Armor
38:33 Thumb Ring
38:54 Parthian Tactics
39:13 Conscription
40:19 Hand Cart
肥肠拌面
4:30 Loom
16:33 Feudal Age
21:23 Castle Age
20:06 Scale Barding Armor
20:12 Forging
20:11 Double-Bit Axe
22:23 Bow Saw
23:52 Fishing Lines
24:52 Gillnets
25:20 Gold Mining
25:21 Stone Mining
27:19 Horse Collar
31:24 Iron Casting
31:44 Heavy Plow
32:16 Bloodlines
34:30 Chain Barding Armor
34:45 Husbandry
37:49 Stone Mining
37:38 Vendel Legacy
39:37 Wheelbarrow
福州大西瓜
15:03 Loom
17:25 Feudal Age
22:03 Double-Bit Axe
24:45 Castle Age
22:31 Horse Collar
24:05 Fletching
24:16 Padded Archer Armor
27:38 Husbandry
27:48 Bloodlines
28:06 Thumb Ring
27:57 Gold Mining
31:09 Wheelbarrow
31:23 Heavy Plow
31:36 Bow Saw
32:44 Bodkin Arrow
33:05 Leather Archer Armor
38:19 Hand Cart
39:47 Ballistics
Connection lost

Rejoining the realm…

Still unreachable

The connection could not be restored.

Session expired

The server has moved on; the page needs a fresh start.